Golden Seals vs Oilers

Created - 23 mars 2022 at 19:16

Goals
1 2 3 T
Golden Seals 0 1 2 3
Oilers 0 3 1 4
Shots
1 2 3 T
Golden Seals 16 6 12 34
Oilers 6 14 8 28

1st period

No Goal

Penalties :
No Penalty

2nd period

1. Golden Seals , Jonathan Toews 30 (Nick Suzuki 45) at 0:06
2. Oilers , Nathan Gerbe 6 (Ben Street 5, Brandon Pirri 5) at 7:06
3. Oilers , Kyle Okposo 12 (Connor McDavid 53) at 15:33
4. Oilers , Connor McDavid 33 (Jeff Skinner 17, Jordan Oesterle 9) at 19:36

Penalties :
Nick Suzuki (CLF) for Hooking (Minor) at 4:07

3rd period

5. Oilers , Connor McDavid 34 (Kyle Okposo 18, John Carlson 47) at 6:38
6. Golden Seals , Jaden Schwartz 22 (William Karlsson 36, Nate Schmidt 11) at 15:30
7. Golden Seals , Tyler Toffoli 27 (Jonathan Toews 54, Cody Ceci 25) at 19:31

Penalties :
Connor McDavid (EDM) for Boarding (Minor) at 11:52

Goalie Stats

Andrei Vasilevskiy (CLF), 24 saves from 28 shots - (0,857), L, 29-22-4, 59:35 minutes
Joonas Korpisalo (EDM), 31 saves from 34 shots - (0,912), W, 17-12-3, 60:00 minutes

Players Stats for Golden Seals

Player Name              G  A  P  +/- PIM S  H  SB GA TA FO     MP     PP MP  PK MP  
------------------------------------------------------------------------------------
Barclay Goodrow          0  0  0   0  0   0  2  2  0  1  1/1    14:04   0:26   1:07 
Cody Ceci                0  1  1   1  0   0  1  1  0  0  0/0    23:12   0:00   0:59 
Colton Parayko           0  0  0   1  0   1  1  0  1  0  0/0    24:27   0:53   0:59 
Jaden Schwartz           1  0  1   0  0   3  1  0  2  0  0/0    16:47   1:09   0:00 
Jake McCabe              0  0  0   0  0   1  1  3  0  2  0/0    18:51   0:00   1:00 
Jason Robertson          0  0  0   0  0   1  2  0  0  0  1/2    13:05   1:01   0:00 
Jonathan Toews           1  1  2   0  0   6  0  1  2  1  14/24  19:39   0:35   0:00 
Kurtis MacDermid         0  0  0  -2  0   0  4  2  0  0  0/0    15:08   0:00   0:00 
Max Domi                 0  0  0   0  0   1  0  0  0  0  5/8    13:00   1:01   0:21 
Miles Wood               0  0  0   0  0   1  1  0  0  0  0/0    17:32   0:53   1:07 
Nate Schmidt             0  1  1   0  0   2  0  1  1  1  0/0    20:25   1:06   1:00 
Nick Cousins             0  0  0  -1  0   3  1  0  0  0  0/2     9:42   0:00   0:00 
Nick Suzuki              0  1  1   0  2   2  3  0  0  0  0/1    19:37   0:32   0:00 
Ondrej Kase              0  0  0  -1  0   5  0  0  0  0  0/0     9:55   0:13   0:00 
Oskar Lindblom           0  0  0  -1  0   1  1  0  0  0  0/0     9:51   0:33   0:31 
Robert Hagg              0  0  0  -2  0   0  1  0  0  0  0/0    15:08   0:00   0:00 
Tyler Toffoli            1  0  1   0  0   4  1  0  1  0  0/0    20:04   0:32   0:00 
William Karlsson         0  1  1   0  0   3  1  1  2  0  9/14   17:33   1:01   0:52 

Players Stats for Oilers

Player Name              G  A  P  +/- PIM S  H  SB GA TA FO     MP     PP MP  PK MP  
------------------------------------------------------------------------------------
Alex Biega               0  0  0   1  0   0  0  0  0  1  0/0    17:20   0:00   0:00 
Ben Street               0  1  1   1  0   0  0  0  0  0  4/7    11:58   0:00   0:47 
Bobby Ryan               0  0  0  -2  0   2  2  0  2  0  1/3    18:21   0:53   0:09 
Brandon Pirri            0  1  1   1  0   1  0  0  0  0  1/1    11:11   0:00   0:00 
Brendan Smith            0  0  0   1  0   0  1  2  0  1  0/0    20:50   0:37   0:44 
Cody Glass               0  0  0  -1  0   0  0  0  0  0  0/1    10:45   0:00   0:00 
Connor McDavid           2  1  3   3  2   2  1  0  1  0  6/13   18:12   1:06   0:00 
Jake Gardiner            0  0  0   1  0   0  2  2  0  2  0/0    17:20   0:00   0:00 
James Neal               0  0  0  -2  0   1  2  0  0  0  1/4    18:39   0:53   0:46 
Jeff Skinner             0  1  1   3  0   1  1  0  0  0  0/1    18:12   1:06   0:00 
John Carlson             0  1  1  -1  0   4  0  1  1  1  0/0    21:50   1:22   1:15 
Jordan Oesterle          0  1  1   1  0   1  1  0  0  0  0/0    20:50   0:37   0:44 
Kyle Okposo              1  1  2   3  0   4  2  0  1  0  2/3    18:12   1:06   0:00 
Mark Giordano            0  0  0  -1  0   1  4  0  0  2  0/0    21:50   1:22   1:15 
Nathan Gerbe             1  0  1   1  0   3  0  1  0  1  0/0    11:11   0:00   0:00 
Tim Stutzle              0  0  0  -2  0   4  2  0  0  1  7/18   18:29   0:53   0:17 
Tomas Nosek              0  0  0  -1  0   1  0  0  0  0  0/1    11:38   0:00   1:12 
Zack Kassian             0  0  0  -1  0   3  1  0  0  0  0/0    11:12   0:00   0:47 

3 Stars

1 - Connor McDavid (EDM)
2 - Kyle Okposo (EDM)
3 - Jeff Skinner (EDM)

Power Play

Golden Seals - 0 on 1 Attempt(s) - 0,00%
Oilers - 0 on 1 Attempt(s) - 0,00%

Penalty Kill

Golden Seals - 1 on 1 Attempt(s) - 100,00% - Score 0 goal in Penalty Kill
Oilers - 1 on 1 Attempt(s) - 100,00% - Score 0 goal in Penalty Kill

Team Stat

Golden Seals - Hits : 21 - Faceoff Wins : 30 - Blocked Shots : 11 - Penalty Minutes : 2
Oilers - Hits : 19 - Faceoff Wins : 22 - Blocked Shots : 6 - Penalty Minutes : 2

Official

Referees : Dean Morton and Justin Kea
Linesman : Jaime Alary and Libor Suchanek

Game Notes

No Game Note

Finance

Level 1 -- Attendance: 4337 (72,28%) -- Ticket Income 455 385 $
Level 2 -- Attendance: 4601 (92,02%) -- Ticket Income 299 065 $
Level 3 -- Attendance: 1791 (89,55%) -- Ticket Income 68 058 $
Level 4 -- Attendance: 3596 (89,90%) -- Ticket Income 82 708 $
Luxury Box -- Attendance: 1000 (100,00%) -- Ticket Income 190 000 $
Game was played at the Edmonton Coliseum.
Total Attendance: 15325 (85,14%)
Total Ticket Income: 1 095 216 $
Other Income: 536 656 $
Total Income: 1 631 872 $

Golden Seals

5 vs 5 Forward 
   Center                   Left Wing                Right Wing               Time % Phy DF OF 
 1 Jonathan Toews           Tyler Toffoli            Nick Suzuki              36     0   2  3  
 2 William Karlsson         Miles Wood               Jaden Schwartz           31     0   2  3  
 3 Max Domi                 Jason Robertson          Barclay Goodrow          23     0   2  3  
 4 Nick Cousins             Oskar Lindblom           Ondrej Kase              10     1   2  2  

5 vs 5 Defense 
   Defense                  Defense                                           Time % Phy DF OF 
 1 Colton Parayko           Cody Ceci                                         43     0   3  2  
 2 Nate Schmidt             Jake McCabe                                       37     0   3  2  
 3 Robert Hagg              Kurtis MacDermid                                  20     2   3  0  
 4 Nate Schmidt             Cody Ceci                                         0      1   2  2  

PowerPlay Forward 
   Center                   Left Wing                Right Wing               Time % Phy DF OF 
 1 Jonathan Toews           Tyler Toffoli            Nick Suzuki              60     0   0  5  
 2 William Karlsson         Max Domi                 Jason Robertson          40     0   0  5  

PowerPlay Defense
   Defense                  Defense                                           Time % Phy DF OF 
 1 Nate Schmidt             Jaden Schwartz                                    60     0   0  5  
 2 Colton Parayko           Miles Wood                                        40     0   0  5  

Penalty Kill 4 Players Forward 
   Center                   Wing                     Time % Phy DF OF 
 1 Barclay Goodrow          Miles Wood               60     1   4  0  
 2 William Karlsson         Oskar Lindblom           40     1   4  0  

Penalty Kill 4 Players Defense
   Defense                  Defense                  Time % Phy DF OF 
 1 Nate Schmidt             Jake McCabe              60     2   3  0  
 2 Colton Parayko           Cody Ceci                40     2   3  0  

Penalty Kill - 3 Players Forward 
   Forward                                           Time % Phy DF OF 
 1 Barclay Goodrow                                   60     0   5  0  
 2 William Karlsson                                  40     0   5  0  

Penalty Kill - 3 Players Defense
   Defense                  Defense                  Time % Phy DF OF 
 1 Nate Schmidt             Jake McCabe              60     0   5  0  
 2 Colton Parayko           Cody Ceci                40     0   5  0  

4 vs 4 Forward 
   Center                   Wing                     Time % Phy DF OF 
 1 William Karlsson         Tyler Toffoli            60     1   2  2  
 2 Nick Suzuki              Jaden Schwartz           40     1   2  2  

4 vs 4 Defense
   Defense                  Defense                  Time % Phy DF OF 
 1 Nate Schmidt             Cody Ceci                60     1   2  2  
 2 Colton Parayko           Jake McCabe              40     1   2  2  

Last Minutes Offensive
   Center                   Left Wing                Right Wing               Defense                  Defense                  
   William Karlsson         Tyler Toffoli            Jason Robertson          Nate Schmidt             Jaden Schwartz           

Last Minutes Defensive
   Center                   Left Wing                Right Wing               Defense                  Defense                  
   William Karlsson         Miles Wood               Jaden Schwartz           Nate Schmidt             Cody Ceci                

Goaltenders
Starting : Andrei Vasilevskiy       
Backup : Jacob Ingham             

Extra Forwards
Normal : Jason Robertson, Max Domi, Oskar Lindblom - PP : Oskar Lindblom, Barclay Goodrow - PK : Nick Suzuki
Extra Defensemen
Normal : Robert Hagg, Kurtis MacDermid, Nate Schmidt - PP : Robert Hagg - PK : Kurtis MacDermid, Robert Hagg
Penalty Shots
Jonathan Toews, Tyler Toffoli, William Karlsson, Ondrej Kase, Jason Robertson
Custom OT Lines Forwards
Jonathan Toews, Tyler Toffoli, William Karlsson, Jaden Schwartz, Nick Suzuki, Miles Wood, Jason Robertson, Max Domi, Barclay Goodrow, Oskar Lindblom
Custom OT Lines Defensemen
Nate Schmidt, Cody Ceci, Colton Parayko, Jake McCabe, Robert Hagg

Scratches
Robby Fabbri (Right Leg Injury)

Oilers

5 vs 5 Forward 
   Center                   Left Wing                Right Wing               Time % Phy DF OF 
 1 Connor McDavid           Kyle Okposo              Jeff Skinner             30     1   2  2  
 2 Tim Stutzle              Bobby Ryan               James Neal               30     1   2  2  
 3 Cody Glass               Tomas Nosek              Zack Kassian             20     1   2  2  
 4 Ben Street               Nathan Gerbe             Brandon Pirri            20     1   2  2  

5 vs 5 Defense 
   Defense                  Defense                                           Time % Phy DF OF 
 1 John Carlson             Mark Giordano                                     35     1   2  2  
 2 Jordan Oesterle          Brendan Smith                                     35     1   2  2  
 3 Jake Gardiner            Alex Biega                                        30     1   2  2  
 4 John Carlson             Mark Giordano                                     0      1   2  2  

PowerPlay Forward 
   Center                   Left Wing                Right Wing               Time % Phy DF OF 
 1 Connor McDavid           Kyle Okposo              Jeff Skinner             60     1   2  2  
 2 Tim Stutzle              Bobby Ryan               James Neal               40     1   2  2  

PowerPlay Defense
   Defense                  Defense                                           Time % Phy DF OF 
 1 John Carlson             Mark Giordano                                     60     1   2  2  
 2 Jordan Oesterle          Brendan Smith                                     40     1   2  2  

Penalty Kill 4 Players Forward 
   Center                   Wing                     Time % Phy DF OF 
 1 Ben Street               Zack Kassian             50     1   2  2  
 2 Tomas Nosek              James Neal               50     1   2  2  

Penalty Kill 4 Players Defense
   Defense                  Defense                  Time % Phy DF OF 
 1 John Carlson             Mark Giordano            50     1   2  2  
 2 Jordan Oesterle          Brendan Smith            50     1   2  2  

Penalty Kill - 3 Players Forward 
   Forward                                           Time % Phy DF OF 
 1 Ben Street                                        50     1   2  2  
 2 Tomas Nosek                                       50     1   2  2  

Penalty Kill - 3 Players Defense
   Defense                  Defense                  Time % Phy DF OF 
 1 John Carlson             Mark Giordano            50     1   2  2  
 2 Jordan Oesterle          Brendan Smith            50     1   2  2  

4 vs 4 Forward 
   Center                   Wing                     Time % Phy DF OF 
 1 Connor McDavid           Kyle Okposo              50     1   2  2  
 2 Jeff Skinner             Tim Stutzle              50     1   2  2  

4 vs 4 Defense
   Defense                  Defense                  Time % Phy DF OF 
 1 John Carlson             Mark Giordano            50     1   2  2  
 2 Jordan Oesterle          Brendan Smith            50     1   2  2  

Last Minutes Offensive
   Center                   Left Wing                Right Wing               Defense                  Defense                  
   Connor McDavid           Kyle Okposo              Jeff Skinner             John Carlson             Mark Giordano            

Last Minutes Defensive
   Center                   Left Wing                Right Wing               Defense                  Defense                  
   Connor McDavid           Kyle Okposo              Jeff Skinner             John Carlson             Mark Giordano            

Goaltenders
Starting : Joonas Korpisalo         
Backup : Kaapo Kahkonen           

Extra Forwards
Normal : Cody Glass, Tomas Nosek, Zack Kassian - PP : Cody Glass, Tomas Nosek - PK : Zack Kassian
Extra Defensemen
Normal : Jake Gardiner, Alex Biega, Jordan Oesterle - PP : Jake Gardiner - PK : Alex Biega, Jordan Oesterle
Penalty Shots
Connor McDavid, Kyle Okposo, Jeff Skinner, Tim Stutzle, Bobby Ryan
Custom OT Lines Forwards
Connor McDavid, Kyle Okposo, Jeff Skinner, Tim Stutzle, Bobby Ryan, Cody Glass, James Neal, Tomas Nosek, Zack Kassian, Nathan Gerbe
Custom OT Lines Defensemen
John Carlson, Mark Giordano, Jordan Oesterle, Brendan Smith, Jake Gardiner

Scratches
Gaetan Haas (Healthy), Luke Schenn (Healthy)

% Time on Ice - Golden Seals

Lines # - Real PCT - Wanted PCT - Time Play
Normal Forward
1 - 34% - 36% - 19:06
2 - 27% - 31% - 15:10
3 - 21% - 23% - 11:36
4 - 17% - 10% - 9:42
Normal Defense
1 - 39% - 43% - 21:42
2 - 34% - 37% - 18:44
3 - 27% - 20% - 15:08
4 - 0% - 0% - 0:00
PP Forward
1 - 49% - 60% - 0:58
2 - 51% - 40% - 1:01
PP Defense
1 - 55% - 60% - 1:06
2 - 45% - 40% - 0:53
PK Forward
1 - 74% - 60% - 1:28
2 - 26% - 40% - 0:31
PK Defense
1 - 50% - 60% - 1:00
2 - 50% - 40% - 0:59
PK3 Forward
1 - 0% - 60%
2 - 0% - 40%
PK3 Defense
1 - 0% - 60%
2 - 0% - 40%
44 Forward
1 - 0% - 60%
2 - 0% - 40%
44 Defense
1 - 0% - 60%
2 - 0% - 40%
Last Minute Offensive  - 0:28
Last Minute Defensive  - 0:00
Total
Forward - 60:00
Defense - 60:00

% Time on Ice - Oilers

Lines # - Real PCT - Wanted PCT - Time Play
Normal Forward
1 - 30% - 30% - 16:38
2 - 31% - 30% - 17:20
3 - 19% - 20% - 10:25
4 - 20% - 20% - 11:11
Normal Defense
1 - 34% - 35% - 18:45
2 - 35% - 35% - 19:29
3 - 31% - 30% - 17:20
4 - 0% - 0% - 0:00
PP Forward
1 - 55% - 60% - 1:06
2 - 45% - 40% - 0:53
PP Defense
1 - 69% - 60% - 1:22
2 - 31% - 40% - 0:37
PK Forward
1 - 39% - 50% - 0:47
2 - 61% - 50% - 1:12
PK Defense
1 - 63% - 50% - 1:15
2 - 37% - 50% - 0:44
PK3 Forward
1 - 0% - 50%
2 - 0% - 50%
PK3 Defense
1 - 0% - 50%
2 - 0% - 50%
44 Forward
1 - 0% - 50%
2 - 0% - 50%
44 Defense
1 - 0% - 50%
2 - 0% - 50%
Last Minute Offensive  - 0:00
Last Minute Defensive  - 0:28
Total
Forward - 60:00
Defense - 60:00

Play-by-Play

1st period


0:01 of 1st period - Jonathan Toews wins face-off versus Connor McDavid in neutral zone.
1:40 of 1st period - Wrist shot by Connor McDavid.
1:40 of 1st period - Shot Misses the Net.
2:06 of 1st period - Jake McCabe is hit by Tim Stutzle.
2:22 of 1st period - Backhand shot by Nick Cousins.
2:22 of 1st period - Stopped by Joonas Korpisalo with a rebound.
2:24 of 1st period - Slapshot by Jake McCabe.
2:24 of 1st period - Stopped by Joonas Korpisalo with a rebound.
2:28 of 1st period - Wrist shot by Ondrej Kase.
2:28 of 1st period - Stopped by Joonas Korpisalo with a rebound.
3:01 of 1st period - Snap shot by Nick Cousins.
3:01 of 1st period - Stopped by Joonas Korpisalo without a rebound.
3:02 of 1st period - Jonathan Toews wins face-off versus Tim Stutzle in Oilers zone.
3:31 of 1st period - Barclay Goodrow is hit by Mark Giordano and loses puck.
3:48 of 1st period - Miles Wood is hit by Zack Kassian and loses puck.
4:03 of 1st period - Tim Stutzle is hit by Robert Hagg and loses puck.
4:08 of 1st period - Wrist shot by Tyler Toffoli.
4:08 of 1st period - Shot Misses the Net.
5:59 of 1st period - Mark Giordano is hit by Oskar Lindblom and loses puck.
6:29 of 1st period - Icing by Alex Biega.
6:30 of 1st period - Brandon Pirri wins face-off versus Max Domi in Oilers zone.
6:56 of 1st period - Jake Gardiner is hit by Cody Ceci and loses puck.
7:00 of 1st period - Icing by Jake Gardiner.
7:01 of 1st period - Tim Stutzle wins face-off versus William Karlsson in Oilers zone.
7:10 of 1st period - Wrist shot by Bobby Ryan.
7:10 of 1st period - Stopped by Andrei Vasilevskiy with a rebound.
7:28 of 1st period - Nick Suzuki is hit by Kyle Okposo and loses puck.
8:13 of 1st period - Mark Giordano is hit by Nick Cousins.
9:19 of 1st period - Jake McCabe is hit by Mark Giordano and loses puck.
9:48 of 1st period - Nick Suzuki is hit by Tim Stutzle and loses puck.
10:05 of 1st period - Jordan Oesterle is hit by Kurtis MacDermid and loses puck.
10:33 of 1st period - Mark Giordano is hit by Barclay Goodrow and loses puck.
10:46 of 1st period - Slapshot by John Carlson.
10:46 of 1st period - Shot Misses the Net.
10:48 of 1st period - Snap shot by Nathan Gerbe.
10:48 of 1st period - Deflect By William Karlsson.
10:48 of 1st period - Shot Misses the Net.
10:48 of 1st period - Puck is out of play.
10:49 of 1st period - William Karlsson wins face-off versus Ben Street in Golden Seals zone.
11:16 of 1st period - Kyle Okposo is hit by Tyler Toffoli and loses puck.
11:25 of 1st period - Cody Ceci is hit by Jeff Skinner and loses puck.
11:46 of 1st period - Snap shot by Jason Robertson.
11:46 of 1st period - Shot Misses the Net.
12:02 of 1st period - Wrist shot by Zack Kassian.
12:02 of 1st period - Shot Blocked by Cody Ceci.
12:04 of 1st period - Snap shot by Tomas Nosek.
12:04 of 1st period - Shot Misses the Net.
12:06 of 1st period - Wrist shot by Zack Kassian.
12:06 of 1st period - Stopped by Andrei Vasilevskiy with a rebound.
12:58 of 1st period - Off-side.
12:59 of 1st period - Max Domi wins face-off versus Tim Stutzle in neutral zone.
13:02 of 1st period - Wrist shot by Jason Robertson.
13:02 of 1st period - Stopped by Joonas Korpisalo with a rebound.
13:08 of 1st period - Wrist shot by Max Domi.
13:08 of 1st period - Stopped by Joonas Korpisalo without a rebound.
13:09 of 1st period - Jonathan Toews wins face-off versus Jeff Skinner in Oilers zone.
13:16 of 1st period - Wrist shot by Tyler Toffoli.
13:16 of 1st period - Shot Misses the Net.
13:18 of 1st period - Slapshot by Nick Suzuki.
13:18 of 1st period - Stopped by Joonas Korpisalo with a rebound.
13:56 of 1st period - Zack Kassian is hit by Kurtis MacDermid and loses puck.
14:21 of 1st period - Wrist shot by Nick Cousins.
14:21 of 1st period - Shot Misses the Net.
14:23 of 1st period - Slapshot by Oskar Lindblom.
14:23 of 1st period - Shot Misses the Net.
14:25 of 1st period - Wrist shot by Oskar Lindblom.
14:25 of 1st period - Shot Blocked by Jake Gardiner.
14:27 of 1st period - Slapshot by Nate Schmidt.
14:27 of 1st period - Deflect By Ondrej Kase.
14:27 of 1st period - Stopped by Joonas Korpisalo without a rebound.
14:28 of 1st period - Jonathan Toews wins face-off versus Tim Stutzle in Oilers zone.
14:29 of 1st period - Snap shot by Nick Suzuki.
14:29 of 1st period - Stopped by Joonas Korpisalo with a rebound.
15:23 of 1st period - Wrist shot by Jason Robertson.
15:23 of 1st period - Shot Blocked by Brendan Smith.
15:43 of 1st period - Wrist shot by Oskar Lindblom.
15:43 of 1st period - Stopped by Joonas Korpisalo without a rebound.
15:44 of 1st period - Jonathan Toews wins face-off versus James Neal in Oilers zone.
15:59 of 1st period - Snap shot by Jonathan Toews.
15:59 of 1st period - Stopped by Joonas Korpisalo without a rebound.
16:00 of 1st period - William Karlsson wins face-off versus Connor McDavid in Oilers zone.
16:32 of 1st period - Slapshot by Tyler Toffoli.
16:32 of 1st period - Stopped by Joonas Korpisalo without a rebound.
16:33 of 1st period - Tim Stutzle wins face-off versus Jonathan Toews in Oilers zone.
17:07 of 1st period - Snap shot by William Karlsson.
17:07 of 1st period - Shot Misses the Net.
17:09 of 1st period - Slapshot by Jaden Schwartz.
17:09 of 1st period - Stopped by Joonas Korpisalo with a rebound.
17:23 of 1st period - Wrist shot by Ondrej Kase.
17:23 of 1st period - Deflect By Nick Cousins.
17:23 of 1st period - Stopped by Joonas Korpisalo with a rebound.
17:25 of 1st period - Slapshot by Nate Schmidt.
17:25 of 1st period - Deflect By Jake Gardiner.
17:25 of 1st period - Stopped by Joonas Korpisalo with a rebound.
17:47 of 1st period - Wrist shot by Brandon Pirri.
17:47 of 1st period - Shot Blocked by Jake McCabe.
17:53 of 1st period - Wrist shot by Nathan Gerbe.
17:53 of 1st period - Stopped by Andrei Vasilevskiy without a rebound.
17:54 of 1st period - Connor McDavid wins face-off versus Jonathan Toews in Golden Seals zone.
17:59 of 1st period - Wrist shot by Kyle Okposo.
17:59 of 1st period - Stopped by Andrei Vasilevskiy without a rebound.
18:00 of 1st period - Connor McDavid wins face-off versus Jonathan Toews in Golden Seals zone.
18:01 of 1st period - Wrist shot by Kyle Okposo.
18:01 of 1st period - Shot Blocked by Jonathan Toews.
18:09 of 1st period - Robert Hagg is hit by Kyle Okposo.
18:27 of 1st period - Snap shot by Jaden Schwartz.
18:27 of 1st period - Shot Hit the Post.
19:19 of 1st period - Backhand shot by Connor McDavid.
19:19 of 1st period - Shot Blocked by Kurtis MacDermid.
19:39 of 1st period - Slapshot by Zack Kassian.
19:39 of 1st period - Stopped by Andrei Vasilevskiy with a rebound.
19:41 of 1st period - Snap shot by Tomas Nosek.
19:41 of 1st period - Stopped by Andrei Vasilevskiy without a rebound.
19:42 of 1st period - Tim Stutzle wins face-off versus William Karlsson in Golden Seals zone.
19:57 of 1st period - Snap shot by William Karlsson.
19:57 of 1st period - Stopped by Joonas Korpisalo with a rebound.
Goals for this period are 0 for Golden Seals vs 0 for Oilers.
Shots for this period are 16 for Golden Seals vs 6 for Oilers.

2nd period


0:01 of 2nd period - Jonathan Toews wins face-off versus Tim Stutzle in neutral zone.
0:06 of 2nd period - Snap shot by Jonathan Toews.
0:06 of 2nd period - Goal by Jonathan Toews - Golden Seals : 1 - Oilers : 0.
0:07 of 2nd period - Jonathan Toews wins face-off versus Connor McDavid in neutral zone.
0:32 of 2nd period - William Karlsson is hit by Bobby Ryan and loses puck.
1:05 of 2nd period - Ben Street is hit by Barclay Goodrow and loses puck.
1:47 of 2nd period - Snap shot by Cody Glass.
1:47 of 2nd period - Shot Misses the Net.
1:49 of 2nd period - Slapshot by Jordan Oesterle.
1:49 of 2nd period - Stopped by Andrei Vasilevskiy without a rebound.
1:50 of 2nd period - William Karlsson wins face-off versus Tim Stutzle in Golden Seals zone.
1:59 of 2nd period - Snap shot by Bobby Ryan.
1:59 of 2nd period - Shot Misses the Net.
2:01 of 2nd period - Slapshot by Mark Giordano.
2:01 of 2nd period - Stopped by Andrei Vasilevskiy without a rebound.
2:02 of 2nd period - Connor McDavid wins face-off versus William Karlsson in Golden Seals zone.
2:11 of 2nd period - Backhand shot by Kyle Okposo.
2:11 of 2nd period - Stopped by Andrei Vasilevskiy with a rebound.
2:27 of 2nd period - James Neal is hit by Nick Suzuki and loses puck.
3:12 of 2nd period - Slapshot by Mark Giordano.
3:12 of 2nd period - Shot Misses the Net.
3:14 of 2nd period - Snap shot by Nathan Gerbe.
3:14 of 2nd period - Stopped by Andrei Vasilevskiy with a rebound.
3:18 of 2nd period - Snap shot by Mark Giordano.
3:18 of 2nd period - Shot Misses the Net.
4:07 of 2nd period - Minor Penalty to Nick Suzuki for Hooking.
4:08 of 2nd period - Barclay Goodrow wins face-off versus Kyle Okposo in Golden Seals zone.
4:16 of 2nd period - Barclay Goodrow is hit by Mark Giordano and loses puck.
4:54 of 2nd period - Off-side.
4:55 of 2nd period - William Karlsson wins face-off versus Tim Stutzle in neutral zone.
6:07 of 2nd period - Penalty to Nick Suzuki is over, Nick Suzuki is back on ice.
6:37 of 2nd period - Wrist shot by Ondrej Kase.
6:37 of 2nd period - Stopped by Joonas Korpisalo without a rebound.
6:38 of 2nd period - Ben Street wins face-off versus Nick Cousins in Oilers zone.
6:53 of 2nd period - Snap shot by Brandon Pirri.
6:53 of 2nd period - Shot Misses the Net.
7:04 of 2nd period - Snap shot by Nathan Gerbe.
7:04 of 2nd period - Shot Misses the Net.
7:06 of 2nd period - Snap shot by Nathan Gerbe.
7:06 of 2nd period - Goal by Nathan Gerbe - Golden Seals : 1 - Oilers : 1.
7:07 of 2nd period - William Karlsson wins face-off versus Tim Stutzle in neutral zone.
7:42 of 2nd period - Snap shot by Connor McDavid.
7:42 of 2nd period - Shot Misses the Net.
8:14 of 2nd period - Snap shot by William Karlsson.
8:14 of 2nd period - Shot Misses the Net.
8:24 of 2nd period - Snap shot by William Karlsson.
8:24 of 2nd period - Stopped by Joonas Korpisalo with a rebound.
8:40 of 2nd period - Oskar Lindblom is hit by James Neal and loses puck.
10:12 of 2nd period - Ondrej Kase is hit by Bobby Ryan and loses puck.
10:59 of 2nd period - Wrist shot by Cody Glass.
10:59 of 2nd period - Shot Misses the Net.
11:01 of 2nd period - Slapshot by John Carlson.
11:01 of 2nd period - Stopped by Andrei Vasilevskiy with a rebound.
11:15 of 2nd period - Slapshot by Nick Cousins.
11:15 of 2nd period - Deflect By Ondrej Kase.
11:15 of 2nd period - Stopped by Joonas Korpisalo without a rebound.
11:16 of 2nd period - Connor McDavid wins face-off versus Jonathan Toews in Oilers zone.
11:25 of 2nd period - Snap shot by Jeff Skinner.
11:25 of 2nd period - Stopped by Andrei Vasilevskiy with a rebound.
12:10 of 2nd period - Slapshot by Mark Giordano.
12:10 of 2nd period - Shot Blocked by Kurtis MacDermid.
12:12 of 2nd period - Snap shot by Nathan Gerbe.
12:12 of 2nd period - Shot Misses the Net.
12:22 of 2nd period - Jake Gardiner is hit by Nick Suzuki and loses puck.
12:27 of 2nd period - Snap shot by Nick Suzuki.
12:27 of 2nd period - Shot Misses the Net.
12:56 of 2nd period - Wrist shot by Bobby Ryan.
12:56 of 2nd period - Shot Misses the Net.
13:45 of 2nd period - James Neal is hit by Kurtis MacDermid and loses puck.
14:00 of 2nd period - Jaden Schwartz is hit by James Neal and loses puck.
14:13 of 2nd period - Snap shot by Nick Cousins.
14:13 of 2nd period - Shot Misses the Net.
14:15 of 2nd period - Snap shot by Nick Cousins.
14:15 of 2nd period - Shot Blocked by Nathan Gerbe.
14:21 of 2nd period - Backhand shot by John Carlson.
14:21 of 2nd period - Stopped by Andrei Vasilevskiy without a rebound.
14:22 of 2nd period - Jonathan Toews wins face-off versus Connor McDavid in Golden Seals zone.
14:36 of 2nd period - Jake Gardiner is hit by Jake McCabe.
15:23 of 2nd period - Snap shot by Tim Stutzle.
15:23 of 2nd period - Shot Misses the Net.
15:25 of 2nd period - Snap shot by Tim Stutzle.
15:25 of 2nd period - Stopped by Andrei Vasilevskiy without a rebound.
15:26 of 2nd period - Kyle Okposo wins face-off versus Jonathan Toews in Golden Seals zone.
15:33 of 2nd period - Wrist shot by Kyle Okposo.
15:33 of 2nd period - Goal by Kyle Okposo - Golden Seals : 1 - Oilers : 2.
15:34 of 2nd period - Jonathan Toews wins face-off versus Connor McDavid in neutral zone.
15:41 of 2nd period - Snap shot by Jonathan Toews.
15:41 of 2nd period - Shot Misses the Net.
16:07 of 2nd period - Snap shot by Miles Wood.
16:07 of 2nd period - Stopped by Joonas Korpisalo with a rebound.
16:09 of 2nd period - Backhand shot by William Karlsson.
16:09 of 2nd period - Stopped by Joonas Korpisalo with a rebound.
16:18 of 2nd period - Off-side.
16:19 of 2nd period - Max Domi wins face-off versus Ben Street in neutral zone.
16:54 of 2nd period - Snap shot by Jonathan Toews.
16:54 of 2nd period - Shot Hit the Post.
17:04 of 2nd period - Slapshot by John Carlson.
17:04 of 2nd period - Stopped by Andrei Vasilevskiy without a rebound.
17:05 of 2nd period - Tim Stutzle wins face-off versus William Karlsson in Golden Seals zone.
17:10 of 2nd period - Snap shot by Tim Stutzle.
17:10 of 2nd period - Stopped by Andrei Vasilevskiy without a rebound.
17:11 of 2nd period - Jonathan Toews wins face-off versus Bobby Ryan in Golden Seals zone.
17:37 of 2nd period - Jordan Oesterle is hit by Miles Wood and loses puck.
18:46 of 2nd period - Snap shot by James Neal.
18:46 of 2nd period - Stopped by Andrei Vasilevskiy without a rebound.
18:47 of 2nd period - Kyle Okposo wins face-off versus Jonathan Toews in Golden Seals zone.
18:56 of 2nd period - Jordan Oesterle is hit by Nick Suzuki and loses puck.
19:23 of 2nd period - Brendan Smith is hit by Kurtis MacDermid and loses puck.
19:32 of 2nd period - Wrist shot by Connor McDavid.
19:32 of 2nd period - Shot Misses the Net.
19:34 of 2nd period - Snap shot by Jeff Skinner.
19:34 of 2nd period - Shot Misses the Net.
19:36 of 2nd period - Snap shot by Connor McDavid.
19:36 of 2nd period - Goal by Connor McDavid - Golden Seals : 1 - Oilers : 3.
19:37 of 2nd period - William Karlsson wins face-off versus James Neal in neutral zone.
Goals for this period are 1 for Golden Seals vs 3 for Oilers.
Shots for this period are 6 for Golden Seals vs 14 for Oilers.

3rd period


0:01 of 3rd period - Bobby Ryan wins face-off versus Jonathan Toews in neutral zone.
0:19 of 3rd period - Nick Suzuki is hit by Jake Gardiner.
0:46 of 3rd period - Icing by Jeff Skinner.
0:47 of 3rd period - Connor McDavid wins face-off versus Max Domi in Oilers zone.
1:22 of 3rd period - Slapshot by Kyle Okposo.
1:22 of 3rd period - Shot Blocked by William Karlsson.
1:24 of 3rd period - Wrist shot by Kyle Okposo.
1:24 of 3rd period - Stopped by Andrei Vasilevskiy with a rebound.
1:26 of 3rd period - Wrist shot by Jeff Skinner.
1:26 of 3rd period - Shot Misses the Net.
1:28 of 3rd period - Slapshot by Jake Gardiner.
1:28 of 3rd period - Shot Misses the Net.
2:07 of 3rd period - Off-side.
2:08 of 3rd period - Jonathan Toews wins face-off versus Tim Stutzle in neutral zone.
2:14 of 3rd period - Off-side.
2:15 of 3rd period - Tim Stutzle wins face-off versus Nick Suzuki in neutral zone.
2:18 of 3rd period - Backhand shot by John Carlson.
2:18 of 3rd period - Stopped by Andrei Vasilevskiy with a rebound.
2:38 of 3rd period - Wrist shot by Jonathan Toews.
2:38 of 3rd period - Stopped by Joonas Korpisalo with a rebound.
2:40 of 3rd period - Snap shot by Tyler Toffoli.
2:40 of 3rd period - Stopped by Joonas Korpisalo with a rebound.
2:42 of 3rd period - Backhand shot by Colton Parayko.
2:42 of 3rd period - Stopped by Joonas Korpisalo without a rebound.
2:43 of 3rd period - Max Domi wins face-off versus Tomas Nosek in Oilers zone.
3:16 of 3rd period - Snap shot by Jaden Schwartz.
3:16 of 3rd period - Stopped by Joonas Korpisalo with a rebound.
3:18 of 3rd period - Snap shot by Miles Wood.
3:18 of 3rd period - Shot Misses the Net.
3:32 of 3rd period - Snap shot by Ondrej Kase.
3:32 of 3rd period - Stopped by Joonas Korpisalo without a rebound.
3:33 of 3rd period - Tim Stutzle wins face-off versus Nick Cousins in Oilers zone.
3:44 of 3rd period - Slapshot by Bobby Ryan.
3:44 of 3rd period - Stopped by Andrei Vasilevskiy without a rebound.
3:45 of 3rd period - James Neal wins face-off versus Jonathan Toews in Golden Seals zone.
4:12 of 3rd period - Mark Giordano is hit by Jason Robertson and loses puck.
4:21 of 3rd period - Wrist shot by Zack Kassian.
4:21 of 3rd period - Stopped by Andrei Vasilevskiy with a rebound.
5:23 of 3rd period - Wrist shot by Connor McDavid.
5:23 of 3rd period - Shot Blocked by Nate Schmidt.
5:47 of 3rd period - Wrist shot by Kyle Okposo.
5:47 of 3rd period - Shot Misses the Net.
5:49 of 3rd period - Backhand shot by Jordan Oesterle.
5:49 of 3rd period - Shot Blocked by Jake McCabe.
5:59 of 3rd period - Slapshot by Jake McCabe.
5:59 of 3rd period - Shot Misses the Net.
6:01 of 3rd period - Slapshot by Nate Schmidt.
6:01 of 3rd period - Shot Misses the Net.
6:38 of 3rd period - Slapshot by Connor McDavid.
6:38 of 3rd period - Goal by Connor McDavid - Golden Seals : 1 - Oilers : 4.
6:39 of 3rd period - William Karlsson wins face-off versus Tim Stutzle in neutral zone.
7:05 of 3rd period - Colton Parayko is hit by Brendan Smith and loses puck.
7:56 of 3rd period - Wrist shot by Tim Stutzle.
7:56 of 3rd period - Stopped by Andrei Vasilevskiy without a rebound.
7:57 of 3rd period - Max Domi wins face-off versus Ben Street in Golden Seals zone.
8:11 of 3rd period - Icing by Jason Robertson.
8:12 of 3rd period - Max Domi wins face-off versus James Neal in Golden Seals zone.
8:17 of 3rd period - Snap shot by Jake McCabe.
8:17 of 3rd period - Deflect By Max Domi.
8:17 of 3rd period - Shot Misses the Net.
8:17 of 3rd period - Puck is out of play.
8:18 of 3rd period - Tim Stutzle wins face-off versus Jonathan Toews in Oilers zone.
8:45 of 3rd period - John Carlson is hit by Jaden Schwartz and loses puck.
9:04 of 3rd period - Slapshot by Nathan Gerbe.
9:04 of 3rd period - Deflect By Ben Street.
9:04 of 3rd period - Shot Blocked by Jake McCabe.
9:04 of 3rd period - Puck is out of play.
9:05 of 3rd period - Ben Street wins face-off versus Max Domi in Golden Seals zone.
9:14 of 3rd period - Snap shot by Brandon Pirri.
9:14 of 3rd period - Stopped by Andrei Vasilevskiy with a rebound.
9:19 of 3rd period - Off-side.
9:20 of 3rd period - Jonathan Toews wins face-off versus Tim Stutzle in neutral zone.
9:29 of 3rd period - Snap shot by Jonathan Toews.
9:29 of 3rd period - Stopped by Joonas Korpisalo without a rebound.
9:30 of 3rd period - Jonathan Toews wins face-off versus Tim Stutzle in Oilers zone.
10:03 of 3rd period - Snap shot by Nick Suzuki.
10:03 of 3rd period - Shot Misses the Net.
10:23 of 3rd period - Wrist shot by Tim Stutzle.
10:23 of 3rd period - Shot Misses the Net.
10:47 of 3rd period - Slapshot by Tim Stutzle.
10:47 of 3rd period - Shot Misses the Net.
10:59 of 3rd period - Wrist shot by Jonathan Toews.
10:59 of 3rd period - Shot Blocked by Brendan Smith.
11:01 of 3rd period - Snap shot by Colton Parayko.
11:01 of 3rd period - Shot Misses the Net.
11:03 of 3rd period - Wrist shot by Tyler Toffoli.
11:03 of 3rd period - Shot Misses the Net.
11:05 of 3rd period - Snap shot by Nick Suzuki.
11:05 of 3rd period - Deflect By Jonathan Toews.
11:05 of 3rd period - Stopped by Joonas Korpisalo with a rebound.
11:07 of 3rd period - Slapshot by Colton Parayko.
11:07 of 3rd period - Deflect By Jonathan Toews.
11:07 of 3rd period - Shot Misses the Net.
11:07 of 3rd period - Puck is out of play.
11:08 of 3rd period - William Karlsson wins face-off versus Cody Glass in Oilers zone.
11:52 of 3rd period - Minor Penalty to Connor McDavid for Boarding.
11:53 of 3rd period - Ben Street wins face-off versus William Karlsson in Oilers zone.
11:53 of 3rd period - Ben Street is hit by Jason Robertson.
11:59 of 3rd period - Jason Robertson is hit by Mark Giordano and loses puck.
13:52 of 3rd period - Penalty to Connor McDavid is over, Connor McDavid is back on ice.
14:20 of 3rd period - Robert Hagg is hit by Jake Gardiner and loses puck.
14:27 of 3rd period - Wrist shot by Nathan Gerbe.
14:27 of 3rd period - Shot Blocked by Barclay Goodrow.
14:37 of 3rd period - Ondrej Kase is hit by Jordan Oesterle and loses puck.
14:48 of 3rd period - Snap shot by Barclay Goodrow.
14:48 of 3rd period - Shot Blocked by Jake Gardiner.
15:30 of 3rd period - Snap shot by Jaden Schwartz.
15:30 of 3rd period - Goal by Jaden Schwartz - Golden Seals : 2 - Oilers : 4.
15:31 of 3rd period - Ben Street wins face-off versus Jonathan Toews in neutral zone.
15:36 of 3rd period - Snap shot by Nathan Gerbe.
15:36 of 3rd period - Shot Misses the Net.
15:44 of 3rd period - Snap shot by Brandon Pirri.
15:44 of 3rd period - Shot Misses the Net.
15:46 of 3rd period - Slapshot by Jake Gardiner.
15:46 of 3rd period - Shot Misses the Net.
15:58 of 3rd period - Cody Glass is hit by Colton Parayko and loses puck.
16:03 of 3rd period - Snap shot by Miles Wood.
16:03 of 3rd period - Shot Misses the Net.
16:05 of 3rd period - Slapshot by Nate Schmidt.
16:05 of 3rd period - Deflect By Cody Glass.
16:05 of 3rd period - Stopped by Joonas Korpisalo with a rebound.
16:27 of 3rd period - Nate Schmidt is hit by Connor McDavid.
16:47 of 3rd period - Wrist shot by Tim Stutzle.
16:47 of 3rd period - Shot Misses the Net.
17:01 of 3rd period - Wrist shot by Ben Street.
17:01 of 3rd period - Shot Misses the Net.
17:03 of 3rd period - Wrist shot by Nathan Gerbe.
17:03 of 3rd period - Shot Misses the Net.
17:05 of 3rd period - Wrist shot by Brandon Pirri.
17:05 of 3rd period - Shot Blocked by Barclay Goodrow.
18:35 of 3rd period - Brendan Smith is hit by William Karlsson and loses puck.
18:46 of 3rd period - Wrist shot by Tim Stutzle.
18:46 of 3rd period - Stopped by Andrei Vasilevskiy without a rebound.
18:47 of 3rd period - Jonathan Toews wins face-off versus Bobby Ryan in Golden Seals zone.
19:25 of 3rd period - Wrist shot by Jonathan Toews.
19:25 of 3rd period - Stopped by Joonas Korpisalo with a rebound.
19:29 of 3rd period - Snap shot by Jonathan Toews.
19:29 of 3rd period - Shot Blocked by John Carlson.
19:31 of 3rd period - Slapshot by Tyler Toffoli.
19:31 of 3rd period - Goal by Tyler Toffoli - Golden Seals : 3 - Oilers : 4.
19:32 of 3rd period - William Karlsson wins face-off versus Connor McDavid in neutral zone.
19:35 of 3rd period - Golden Seals, Andrei Vasilevskiy is pulled from the net.
19:35 of 3rd period - Wrist shot by William Karlsson.
19:35 of 3rd period - Deflect By Jason Robertson.
19:35 of 3rd period - Shot Misses the Net.
19:35 of 3rd period - Puck is out of play.
19:36 of 3rd period - Bob Boughner call a timeout for Golden Seals.
19:36 of 3rd period - Jason Robertson wins face-off versus Connor McDavid in Oilers zone.
19:47 of 3rd period - Wrist shot by Tyler Toffoli.
19:47 of 3rd period - Stopped by Joonas Korpisalo without a rebound.
19:48 of 3rd period - Connor McDavid wins face-off versus Jason Robertson in Oilers zone.
Goals for this period are 2 for Golden Seals vs 1 for Oilers.
Shots for this period are 12 for Golden Seals vs 8 for Oilers.